Map: Orbital Shipyard

Players

MCanning - Winner!

  • Race: Protoss Protoss
  • League: Grandmaster

Alison

  • Race: Protoss Protoss
  • League: Diamond

VOD

http://www.twitch.tv/mcanning/v/30690643

Description

Time

  • Played on: Dec. 19, 2015, 3:26 a.m.
  • Length: 6:13
Show
View Real Time Build Order
Export as new Build Order

MCanning Protoss - Winner!

Build Orders: 1 Gate Expand, Nexus First 

Get SALT Encoding   

  12  0:01  Probe (Chrono Boost)  
  13  0:12  Probe (Chrono Boost)  
  14  0:17  Pylon  
  14  0:22  Probe (Chrono Boost)  
  15  0:36  Probe (Chrono Boost)  
  15  0:37  Gateway  
  16  0:46  Probe (Chrono Boost)  
  17  1:00  Nexus  
  17  1:10  Gateway  
  17  1:13  Probe (Chrono Boost)  
  18  1:24  Probe (Chrono Boost)  
  18  1:25  Assimilator  
  19  1:30  Assimilator  
  19  1:34  Probe (Chrono Boost)  
  20  1:40  Gateway  
  20  1:45  Probe (Chrono Boost)  
  21  1:55  Probe (Chrono Boost)  
  21  2:00  Cybernetics Core  
  22  2:06  Probe (Chrono Boost)  
  23  2:16  Pylon  
  23  2:21  Probe (Chrono Boost)  
  24  2:32  Probe (Chrono Boost)  
  25  2:38  Stalker x2 (Chrono Boost)  
  25  2:43  Mothership Core  
  31  2:45  Warp Gate (Chrono Boost)  
  31  2:53  Pylon  
  31  3:05  Stalker (Chrono Boost)  
  33  3:17  Robotics Facility  
  33  3:22  Stalker (Chrono Boost)  
  33  3:25  Probe  
  34  3:29  Probe  
  33  3:37  Probe, Pylon  
  33  4:03  Pylon  
  33  4:04  Probe x2  
  33  4:05  Observer  
  33  4:17  Pylon  
  35  4:28  Observer  
  32  4:39  Gateway  
  32  4:42  Adept  
  32  4:43  Gateway, Adept  
  36  4:51  Immortal (Chrono Boost)  
  40  4:54  Probe  
  41  5:06  Pylon  
  41  5:15  Mothership Core (Chrono Boost)  
  41  5:20  Stalker  
  38  5:32  Stalker  
  38  5:38  Probe (Chrono Boost)  
  37  6:11  Nexus  
Show
View Real Time Build Order
Export as new Build Order

Alison Protoss 

Build Orders: Oracle Opening 

Get SALT Encoding   

  12  0:00  Probe (Chrono Boost)  
  13  0:11  Probe (Chrono Boost)  
  14  0:17  Pylon  
  14  0:22  Probe (Chrono Boost)  
  16  0:35  Probe (Chrono Boost)  
  16  0:38  Gateway  
  16  0:46  Probe (Chrono Boost)  
  17  0:50  Assimilator  
  17  0:51  Assimilator  
  17  0:57  Probe (Chrono Boost)  
  18  1:07  Probe (Chrono Boost), Gateway  
  19  1:18  Probe (Chrono Boost)  
  20  1:26  Cybernetics Core  
  20  1:28  Probe (Chrono Boost)  
  21  1:32  Pylon  
  21  1:39  Probe (Chrono Boost)  
  22  1:49  Probe (Chrono Boost)  
  23  2:03  Adept x2  
  23  2:05  Mothership Core (Chrono Boost), Warp Gate  
  29  2:12  Pylon  
  29  2:32  Stalker x2  
  33  2:49  Probe (Chrono Boost)  
  34  2:51  Pylon  
  34  2:53  Stargate  
  34  2:57  Pylon  
  34  3:04  Probe (Chrono Boost)  
  35  3:18  Gateway  
  33  3:32  Probe (Chrono Boost)  
  32  3:36  Gateway  
  32  3:59  Oracle (Chrono Boost)  
  35  4:03  Pylon  
  33  4:22  Stalker x3  
  39  4:32  Stalker  
  39  4:35  Pylon  
  41  4:48  Stalker x3  
  45  5:02  Adept  
  44  5:17  Mothership Core  
  44  5:20  Stalker x3  
  48  5:28  Adept  
  33  5:54  Probe  
Tags
 
Add a new tag
Caveats
  • Supply blocks, unpowered buildings, or Contaminate may cause inaccurate times.
  • Supply counts are checked every 10 seconds.